[Event "fics rated crazyhouse match"]
[Site "fics, Oklahoma City, OK USA"]
[Date "2001.01.02"]
[White "pminear"]
[WhiteElo "2519"]
[Black "GusMcClain"]
[BlackElo "2202"]
[TimeControl "60+0"]
[Result "0-1"]

1. e4 e6 2. Nc3 Nf6 3. e5 Nd5 4. Nxd5 exd5 5. d4 d6 6. Nf3 
Nc6 7. Bb5 Bd7 8. Qe2 Be7 9. N@h5 O-O 10. Bxc6 bxc6 11. Nxg7 B@g4 
12. N@h6+ Kh8 13. Nxg4 Bxg4 14. P@f6 Bxf6 15. exf6 Qxf6 16. B@e5 dxe5 17. dxe5 
Qxg7 18. B@f6 Rg8 19. Bh6 N@e8 20. Bhxg7+ Nxg7 21. P@h6 N@e8 22. hxg7+ Nxg7 
23. Ng5 B@g6 24. Qxg4 N@e8 25. B@h6 Nxf6 26. exf6 Rae8+ 27. N@e7 B@f8 28. Bxg7+ 
Bxg7 29. fxg7+ Rxg7 30. B@f6 Rxe7+ 31. Bxe7 B@a5+ 32. N@c3 N@e8 33. Q@f8+ B@g8 
34. Qxe8 h6 35. Bf6 Bxc3+ 36. bxc3 N@e6 37. Bxg7+ Kxg7 38. Qxg8+ Kf6 39. N@d7+ 
Ke7 40. Qd8+ Kd6 
{pminear forfeits on time} 0-1

[Event "fics rated crazyhouse match"]
[Site "fics, Oklahoma City, OK USA"]
[Date "2001.01.02"]
[White "GusMcClain"]
[WhiteElo "2216"]
[Black "pminear"]
[BlackElo "2505"]
[TimeControl "60+0"]
[Result "0-1"]

1. e4 e5 2. Nf3 Nc6 3. Bc4 Bc5 4. d3 Nf6 5. O-O O-O 6. Nc3 
h6 7. Nd5 Nxd5 8. Bxd5 N@f6 9. N@f5 d6 10. Bxc6 Bxf5 11. exf5 bxc6 
12. B@h4 B@g4 13. Bxh6 gxh6 14. P@g6 Bxf5 15. gxf7+ Rxf7 16. N@g3 Bh7 17. Bxf6 
Qxf6 18. Nh5 Qg6 19. Ng3 N@f4 20. Nh4 Qf6 21. Nf3 B@g4 22. N@e4 Qg7 
23. P@f6 Rxf6 24. Nxf6+ Qxf6 25. h3 P@e2 26. Nxe2 Bxf3 27. gxf3 Nxh3+ 28. Kh2 
Ng5 29. R@g3 B@h4 30. B@b3+ P@e6 31. Rfg1 Bxf2 32. R1g2 Bhxg3+ 33. Nxg3 Bxg3+ 
34. Rxg3 R@f2+ 35. B@g2 P@f4 36. B@f7+ Qxf7 37. Kg1 fxg3 38. P@h2 Rxg2+ 39. Kxg2 
R@f2+ 40. Kxg3 B@e3 
{GusMcClain forfeits on time} 0-1

[Event "fics rated crazyhouse match"]
[Site "fics, Oklahoma City, OK USA"]
[Date "2001.01.02"]
[White "pminear"]
[WhiteElo "2508"]
[Black "GusMcClain"]
[BlackElo "2213"]
[TimeControl "60+0"]
[Result "0-1"]

1. e4 Nf6 2. Nc3 d5 3. exd5 Nxd5 4. d4 e6 5. Nf3 Bb4 6. Bd2 
Nc6 7. Bd3 Qe7 8. O-O f5 9. Nxd5 exd5 10. Bxb4 Nxb4 11. Bb5+ B@d7 
12. Bxd7+ Bxd7 13. Ne5 N@h4 14. Nxd7 Qxd7 15. N@e5 P@f3 16. B@h5+ B@g6 17. Bxf3 
Nxf3+ 18. Qxf3 N@h4 19. Qg3 Qe7 20. P@d7+ Kf8 21. B@g5 B@f6 22. Bxf6 gxf6 
23. B@h6+ B@g7 24. B@c5 Bxh6 25. Bxe7+ Kxe7 26. Qxh4 B@g5 27. Nxg6+ hxg6 28. B@c5+ 
B@d6 29. Rfe1+ N@e4 30. Bxd6+ cxd6 31. d8=Q+ Raxd8 32. P@e5 dxe5 33. dxe5 fxe5 
34. B@c5+ B@d6 35. Bxb4 Bxb4 36. Rxe4 dxe4 37. Qxg5+ Bxg5 38. Q@g7+ Q@f7 39. P@f6+ 
Bxf6 40. Qxf7+ Kxf7 41. N@e3 R@d1+ 42. B@f1 Rxf1# 
{pminear forfeits on time} 0-1

[Event "fics rated crazyhouse match"]
[Site "fics, Oklahoma City, OK USA"]
[Date "2001.01.02"]
[White "GusMcClain"]
[WhiteElo "2227"]
[Black "pminear"]
[BlackElo "2494"]
[TimeControl "60+0"]
[Result "1-0"]

1. e4 e5 2. Nf3 Nc6 3. Bc4 Bc5 4. O-O Nf6 5. d3 O-O 6. Bg5 
d6 7. Nc3 Be6 8. Nd5 Bxd5 9. exd5 Nd4 10. Nxd4 Bxd4 11. B@h4 N@d7 
12. N@h5 N@e8 13. Nxf6+ Nexf6 14. N@h5 N@e8 15. Nxf6+ Nexf6 16. N@h5 N@e8 17. Nxf6+ 
Nexf6 18. N@h5 N@e8 19. Nxf6+ Nexf6 20. N@h5 Nxh5 21. Bxd8 Nf4 22. Qg4 N@g6 
23. Bdg5 h5 24. Qxd7 Nxh4 25. Bxh4 B@g4 26. N@h6+ Kh7 27. Nxg4 hxg4 28. N@g5+ 
Kg6 29. Q@h7+ Kf6 30. Ne4# 
{pminear checkmated} 1-0

[Event "fics rated crazyhouse match"]
[Site "fics, Oklahoma City, OK USA"]
[Date "2001.01.02"]
[White "sysco"]
[WhiteElo "2246"]
[Black "pminear"]
[BlackElo "2481"]
[TimeControl "60+0"]
[Result "0-1"]

1. e4 e5 2. Bc4 Nc6 3. d3 Bc5 4. Nf3 Nf6 5. O-O O-O 6. Bg5 
Be7 7. Nc3 d6 8. h3 Be6 9. Bxf6 Bxf6 10. Nd5 B@h5 11. c3 Bh4 
12. N@g3 Bxg3 13. fxg3 Bxd5 14. exd5 N@e3 15. Qe2 Nxf1 16. Rxf1 Bxf3 17. Qxf3 
N@d2 18. Qg4 R@g6 19. Qe2 Nxf1 20. Qxf1 N@e3 21. Qf2 R@f1+ 22. Qxf1 Nxf1 
23. Kxf1 Rxg3 24. dxc6 P@e2+ 25. Kf2 Rxg2+ 26. Kxg2 e1=Q 27. R@f3 Q@h1# 
{sysco checkmated} 0-1

[Event "fics rated crazyhouse match"]
[Site "fics, Oklahoma City, OK USA"]
[Date "2001.01.02"]
[White "pminear"]
[WhiteElo "2484"]
[Black "sysco"]
[BlackElo "2241"]
[TimeControl "60+0"]
[Result "1-0"]

1. e4 d5 2. exd5 e6 3. Bb5+ c6 4. dxc6 bxc6 5. Be2 e5 6. Nf3 
Bd6 7. d3 P@g4 8. Ng5 Nf6 9. Ne4 Nxe4 10. dxe4 O-O 11. Bxg4 Bb4+ 
12. Bd2 Bxd2+ 13. Nxd2 N@f4 14. B@f1 Bxg4 15. Qxg4 B@h5 16. Qg3 B@h4 17. Qc3 
Nd7 18. B@d6 Re8 19. N@f5 Qf6 20. P@g3 Bg5 21. gxf4 exf4 22. Qxf6 Nxf6 
23. N@h6+ Bxh6 24. Nxh6+ gxh6 25. P@g7 Kxg7 26. Bxf4 P@g5 27. B@e5 Q@e7 28. Bxf6+ 
Qxf6 29. N@f5+ Qxf5 30. P@e3 gxf4 31. exf5 fxe3 32. f6+ Kxf6 33. Q@d4+ B@e5 
34. Ne4+ Ke6 35. Q@d6+ Bxd6 36. Qxd6+ Kf5 37. Ng3# 
{sysco forfeits on time} 1-0

[Event "fics rated crazyhouse match"]
[Site "fics, Oklahoma City, OK USA"]
[Date "2001.01.02"]
[White "sysco"]
[WhiteElo "2236"]
[Black "pminear"]
[BlackElo "2487"]
[TimeControl "60+0"]
[Result "0-1"]

1. e4 e5 2. d4 Nc6 3. d5 Nce7 4. Nf3 Ng6 5. Nc3 Bc5 6. Bc4 
Nf6 7. O-O O-O 8. Bg5 h6 9. Bxf6 Qxf6 10. N@h5 Qd8 11. Na4 Be7 
12. Nd2 B@g5 13. g3 Bxd2 14. Qxd2 N@f3# 
{sysco resigns} 0-1

[Event "fics rated crazyhouse match"]
[Site "fics, Oklahoma City, OK USA"]
[Date "2001.01.02"]
[White "pminear"]
[WhiteElo "2490"]
[Black "JiggaB"]
[BlackElo "2296"]
[TimeControl "60+0"]
[Result "0-1"]

1. e4 e6 2. Nc3 Nc6 3. d4 Nf6 4. e5 Nd5 5. Nxd5 exd5 6. Nf3 
d6 7. Bb5 Bd7 8. Qe2 dxe5 9. Bxc6 bxc6 10. Nxe5 B@e4 11. f3 Bd6 
12. fxe4 Bxe5 13. exd5 P@f6 14. dxe5 Qe7 15. B@f3 N@d4 16. Qd1 Qxe5+ 17. B@e3 
Nxf3+ 18. Qxf3 B@g4 19. Qf1 Qxd5 20. N@c3 P@e2 21. Nxe2 P@d3 22. N@c3 dxe2 
23. Nxe2 N@b4 24. N@d4 N@d3+ 25. cxd3 Nxd3+ 26. Kd2 P@e5 27. N@c3 exd4 28. Nxd5 
dxe3+ 29. Kxd3 N@e5+ 30. Kxe3 cxd5 31. Nf4 N@c4+ 32. Kf2 B@b6+ 33. Kg3 h5 
34. Nxd5 h4+ 35. Kf4 Ng6+ 36. Ke4 Nd6+ 37. Kd3 Bgf5+ 38. Kd2 O-O 39. Qe2 
Rad8 40. N@h6+ gxh6 41. P@e7 Ba5+ 42. Kd1 N@e4 43. Qxe4 Bxe4 44. Q@g7+ Kxg7 
45. exf8=Q+ Rxf8 46. N@h5+ Kh8 
{pminear forfeits on time} 0-1

[Event "fics rated crazyhouse match"]
[Site "fics, Oklahoma City, OK USA"]
[Date "2000.01.03"]
[White "jtp"]
[WhiteElo "2281"]
[Black "Firefly"]
[BlackElo "2471"]
[TimeControl "180+0"]
[Result "0-1"]

1. e4 e6 2. d4 Nc6 3. Nf3 Nf6 4. Nc3 Bb4 5. Bd3 d5 6. exd5 
exd5 7. Qe2+ P@e4 8. P@g5 Qe7 9. gxf6 gxf6 10. Bd2 Bxc3 11. bxc3 exd3 
12. Qxe7+ Nxe7 13. B@b5+ B@d7 14. Bxd3 P@e4 15. N@h5 Q@g6 16. Q@g7 Qxg7 17. Nxg7+ 
Kd8 18. P@e5 exd3 19. cxd3 N@c2+ 20. Ke2 B@e4 21. exf6 Bxd3+ 22. Kd1 Ne3+ 
23. fxe3 P@c2+ 24. Ke1 Q@e2# 
{jtp checkmated} 0-1

[Event "fics rated crazyhouse match"]
[Site "fics, Oklahoma City, OK USA"]
[Date "2000.01.03"]
[White "pminear"]
[WhiteElo "2357"]
[Black "nabla"]
[BlackElo "2224"]
[TimeControl "300+0"]
[Result "0-1"]

1. e4 Nc6 2. Nc3 e6 3. d4 Bb4 4. a3 Bxc3+ 5. bxc3 Nf6 6. e5 
Nd5 7. Qg4 N@f5 8. Bd3 h5 9. Qg5 Nxc3 10. Bxf5 Qxg5 11. Bxg5 P@b2 
12. Rd1 Nxd1 13. Be4 b1=Q 14. B@c1 Nc3 15. Bf3 Q@e4+ 16. Be3 Qxf3 17. Kd2 
Qd1+ 18. Kxc3 Qdxc2# 
{pminear checkmated} 0-1

[Event "fics rated crazyhouse match"]
[Site "fics, Oklahoma City, OK USA"]
[Date "2001.01.03"]
[White "spurs"]
[WhiteElo "2224"]
[Black "pminear"]
[BlackElo "2478"]
[TimeControl "60+0"]
[Result "0-1"]

1. d4 e6 2. Nf3 Nf6 3. Nc3 Nc6 4. Bg5 Be7 5. Bxf6 Bxf6 6. e3 
B@g6 7. Bb5 d6 8. Bxc6+ bxc6 9. N@f4 O-O 10. Nxg6 hxg6 11. h4 B@h5 
12. B@g5 e5 13. dxe5 dxe5 14. Bxf6 gxf6 15. N@h6+ Kh7 16. P@g4 Bcxg4 17. Nxg4 
Bxg4 18. h5 P@d2+ 19. Qxd2 Bxf3 20. gxf3 Qxd2+ 21. Kxd2 N@c4+ 22. Ke2 Q@d2+ 
23. Kf1 Nxe3+ 24. Kg1 B@h6 25. B@e4 P@f5 26. hxg6+ fxg6 27. Rxh6+ Kxh6 28. Q@h2+ 
N@h5 29. P@g4 R@g5 30. P@g3 P@g2 31. gxh5 Rxh5 32. B@f4+ exf4 33. Qxh5+ gxh5 
34. B@g7+ Kxg7 35. N@e6+ Kf7 36. R@g7+ Kxe6 37. B@d5+ Ke5 38. Kh2 Q@h1+ 39. Rxh1 
gxh1=Q+ 40. Kxh1 P@g2+ 41. Kh2 R@h1# 
{spurs checkmated} 0-1

[Event "fics rated crazyhouse match"]
[Site "fics, Oklahoma City, OK USA"]
[Date "2001.01.03"]
[White "pminear"]
[WhiteElo "2481"]
[Black "spurs"]
[BlackElo "2221"]
[TimeControl "60+0"]
[Result "1-0"]

1. e4 e6 2. Nc3 d6 3. d4 Be7 4. Nf3 Bd7 5. Bd3 Nf6 6. O-O 
Nc6 7. e5 dxe5 8. dxe5 Nd5 9. Nxd5 exd5 10. N@h5 Bf8 11. P@f6 gxf6 
12. Nxf6+ Qxf6 13. exf6 P@e4 14. P@g7 Bxg7 15. fxg7 Rg8 16. Bg5 Rxg7 17. Q@h8+ 
N@f8 18. Qxg7 N@e6 19. Qxf8+ Kxf8 20. B@h6+ P@g7 21. Bxe4 dxe4 22. Qxd7 exf3 
23. R@h8+ B@g8 24. P@e7+ Nxe7 25. Bxe7# 
{spurs checkmated} 1-0

[Event "fics rated crazyhouse match"]
[Site "fics, Oklahoma City, OK USA"]
[Date "2001.01.03"]
[White "spurs"]
[WhiteElo "2218"]
[Black "pminear"]
[BlackElo "2484"]
[TimeControl "60+0"]
[Result "1-0"]

1. d4 Nf6 2. Nf3 e6 3. Nc3 Be7 4. Bg5 d5 5. e3 Nc6 6. Bxf6 
Bxf6 7. Bb5 Bd7 8. Bxc6 bxc6 9. N@e5 B@h5 10. Nxf7 Bxf7 11. Ne5 B@h5 
12. P@f3 N@h4 13. Rg1 Bxe5 14. dxe5 N@g5 15. B@e2 Nxg2+ 16. Rxg2 Bxf3 17. Bxf3 
Nxf3+ 18. Qxf3 P@e4 19. Qxf7+ Kxf7 20. Rxg7+ Kxg7 21. B@f6+ Kg6 22. N@f4+ Kf5 
23. B@h3+ P@g4 24. N@h4# 
{pminear checkmated} 1-0

[Event "fics rated crazyhouse match"]
[Site "fics, Oklahoma City, OK USA"]
[Date "2001.01.03"]
[White "pminear"]
[WhiteElo "2471"]
[Black "spurs"]
[BlackElo "2231"]
[TimeControl "60+0"]
[Result "1-0"]

1. e4 e6 2. Nc3 d5 3. exd5 exd5 4. Bb5+ Nc6 5. Qe2+ Be7 6. d4 
P@e4 7. f3 Nf6 8. fxe4 Nxe4 9. Nxe4 dxe4 10. Qxe4 P@f5 11. Qe2 O-O 
12. P@e3 f4 13. Bxc6 bxc6 14. exf4 Bb4+ 15. P@c3 Qxd4 16. P@e3 Bxc3+ 17. bxc3 
Qxc3+ 18. B@d2 Qxa1 19. Nf3 B@a6 20. P@d3 P@c3 21. O-O cxd2 22. Bxd2 Qf6 
23. N@h5 Qg6 24. N@e7+ Kh8 25. Nxg6+ fxg6 26. P@e7 Rg8 27. Nxg7 B@e6 28. Bc3 
{spurs resigns} 1-0

[Event "fics rated crazyhouse match"]
[Site "fics, Oklahoma City, OK USA"]
[Date "2001.01.03"]
[White "spurs"]
[WhiteElo "2228"]
[Black "pminear"]
[BlackElo "2474"]
[TimeControl "60+0"]
[Result "1-0"]

1. d4 Nf6 2. Nf3 e6 3. Nc3 Nc6 4. Bg5 Be7 5. Bxf6 Bxf6 6. e3 
B@a5 7. Bb5 d6 8. Bxc6+ bxc6 9. N@e4 B@b4 10. Nxf6+ Qxf6 11. B@g5 Qg6 
12. N@f4 Qf5 13. O-O Bxc3 14. bxc3 Bxc3 15. B@d3 P@e4 16. Bxe4 Qxe4 17. P@d3 
Qf5 18. e4 Qg4 19. h3 Qxf4 20. Bxf4 Bxa1 21. Qb1 N@e2+ 22. Kh1 Nxf4 
23. Qxa1 e5 24. dxe5 Bxh3 25. Rg1 Bxg2+ 26. Rxg2 R@h6+ 27. P@h4 Nxg2 28. B@g5 
P@e7 29. B@h3 Nf4 30. Q@d7+ Kf8 31. Qxe7+ Kg8 32. Bxf4 N@e2 33. Bxh6 N@g3+ 
34. fxg3 Nxg3+ 35. Kg2 Nh5 36. Qg5 B@f6 37. exf6 R@g6 38. N@e7# 
{pminear forfeits on time} 1-0

[Event "fics rated crazyhouse match"]
[Site "fics, Oklahoma City, OK USA"]
[Date "2001.01.03"]
[White "spurs"]
[WhiteElo "2253"]
[Black "pminear"]
[BlackElo "2449"]
[TimeControl "60+0"]
[Result "1-0"]

1. d4 Nf6 2. Nf3 e6 3. Nc3 Bb4 4. Bg5 h6 5. Bxf6 Qxf6 6. e3 
B@a5 7. N@e4 Qg6 8. Bd3 Qxg2 9. Rg1 Qxg1+ 10. Nxg1 P@a3 11. Kf1 axb2 
12. Rb1 Bxc3 13. Nxc3 Bxc3 14. B@g6 fxg6 15. Bxg6+ Kd8 16. P@e7+ Kxe7 17. Q@f7+ 
Kd6 18. Qxg7 P@g2+ 19. Ke2 B@b5+ 20. P@d3 N@c1+ 21. Rxc1 bxc1=N+ 22. Qxc1 R@e1+ 
23. Qxe1 Bxe1 24. Qe5+ Kc6 25. Qc5# 
{pminear checkmated} 1-0

[Event "fics rated crazyhouse match"]
[Site "fics, Oklahoma City, OK USA"]
[Date "2001.01.03"]
[White "pminear"]
[WhiteElo "2437"]
[Black "spurs"]
[BlackElo "2265"]
[TimeControl "60+0"]
[Result "1-0"]

1. e4 e6 2. Nc3 d6 3. d4 Be7 4. Nf3 Bd7 5. Bd3 Nf6 6. e5 
dxe5 7. dxe5 Nd5 8. Nxd5 exd5 9. N@h5 Bf8 10. P@f6 N@f5 11. Bxf5 Bxf5 
12. fxg7 Bxg7 13. Nxg7+ Kf8 14. Nxf5 
{spurs resigns} 1-0

[Event "fics rated crazyhouse match"]
[Site "fics, Oklahoma City, OK USA"]
[Date "2000.01.04"]
[White "MrBug"]
[WhiteElo "2143"]
[Black "PureBugger"]
[BlackElo "2371"]
[TimeControl "180+0"]
[Result "0-1"]

1. e4 e6 2. d4 Nc6 3. Nc3 Nf6 4. Nf3 Bb4 5. Bd3 d5 6. exd5 
exd5 7. Qe2+ P@e4 8. Bb5 O-O 9. Bxc6 bxc6 10. Ne5 B@a6 11. P@d3 Bd7 
12. Bd2 exd3 13. cxd3 P@d6 14. Nxd7 Qxd7 15. O-O Rfe8 16. Qf3 Bxc3 17. bxc3 
N@e2+ 18. Kh1 N@h4 19. Qxf6 gxf6 20. P@g3 Nxg2 21. N@h6+ Kf8 22. B@g7+ Kxg7 
23. N@f5+ Kg6 24. Nh4+ Nxh4 
{MrBug resigns} 0-1

[Event "fics rated crazyhouse match"]
[Site "fics, Oklahoma City, OK USA"]
[Date "2000.01.04"]
[White "PureBugger"]
[WhiteElo "2374"]
[Black "MrBug"]
[BlackElo "2138"]
[TimeControl "180+0"]
[Result "1-0"]

1. e4 e6 2. d4 Nc6 3. Nf3 Nf6 4. Nc3 Bb4 5. Bg5 Nxe4 6. Bxd8 
Nxc3 7. bxc3 Bxc3+ 8. N@d2 Kxd8 9. Bd3 B@f6 10. O-O Nxd4 11. Nxd4 Bcxd4 
12. Rb1 P@b6 13. N@e4 d5 14. Nxf6 Bxf6 15. B@g3 Bd7 16. c4 d4 17. Ne4 
N@e8 18. Nxf6 gxf6 19. c5 P@e5 20. B@f3 P@d5 21. Bb5 Bxb5 22. Rxb5 B@c6 
23. Rb2 bxc5 24. Q@h5 P@g6 25. Qh6 N@f5 26. Qhd2 Ned6 27. B@h3 Re8 28. Bxf5 
Nxf5 29. N@a5 B@a6 30. Nxc6+ bxc6 31. Bxe5 fxe5 32. B@f6+ B@e7 33. Bxe5 N@c4 
34. Qf4 Nxe5 35. Qxe5 B@d6 36. Qee1 N@c3 37. P@b7 Rb8 38. Qc2 N@c4 39. Rb3 
Ne5 40. P@f4 Nxf3+ 41. gxf3 Bxf4 42. Kh1 Bxh2 43. N@g2 
{MrBug forfeits on time} 1-0

[Event "fics rated crazyhouse match"]
[Site "fics, Oklahoma City, OK USA"]
[Date "2000.01.04"]
[White "MrBug"]
[WhiteElo "2134"]
[Black "PureBugger"]
[BlackElo "2377"]
[TimeControl "180+0"]
[Result "0-1"]

1. e4 Nc6 2. d4 Nf6 3. Nc3 e5 4. dxe5 Nxe5 5. Be2 Bb4 6. Qd4 
Nc6 7. Qc4 P@d4 8. P@d5 dxc3 9. bxc3 Bxc3+ 10. Qxc3 P@d4 11. Qg3 Nb4 
12. B@d3 Nxd3+ 13. Bxd3 B@c3+ 14. P@d2 Bxa1 15. Qxg7 Rg8 16. Qh6 R@b1 17. Kd1 
N@b2# 
{MrBug resigns} 0-1

[Event "fics rated crazyhouse match"]
[Site "fics, Oklahoma City, OK USA"]
[Date "2000.01.05"]
[White "LINDEGREN"]
[WhiteElo "2236"]
[Black "Igy"]
[BlackElo "2189"]
[TimeControl "120+0"]
[Result "1-0"]

1. e4 Nf6 2. Nc3 e5 3. Nf3 Nc6 4. d4 exd4 5. Nxd4 Bc5 6. Be3 
d5 7. exd5 Nxd5 8. Nxd5 Qxd5 9. P@c3 P@f4 10. Bxf4 Nxd4 11. cxd4 Bxd4 
12. Qe2+ P@e4 13. N@h5 O-O 14. N@e7+ Kh8 15. Nxd5 P@e5 16. P@f6 exf4 17. P@h6 
Bxf6 18. Ndxf6 N@f5 19. hxg7+ Nxg7 20. B@h6 N@f5 21. Nxg7 Nxh6 22. P@e7 Bg4 
23. exf8=Q+ Rxf8 24. Nxg4 Nxg4 25. Nf5 B@b4+ 26. B@c3+ Bxc3+ 27. bxc3 B@f6 28. R@g5 
B@g7 29. Rxg7 Bxg7 30. Nxg7 R@g6 31. Nf5 P@g7 32. B@d4 P@e5 33. N@e7 exd4 
34. Nxg6+ hxg6 35. B@e7 Rg8 36. Qxg4 N@e6 37. R@h4+ B@h7 38. Rxh7+ Kxh7 39. B@e5 
P@h5 40. Q@h6+ gxh6 41. N@f6+ Kh8 42. Nxg8+ Kxg8 43. R@h8# 
{Igy checkmated} 1-0

[Event "fics rated crazyhouse match"]
[Site "fics, Oklahoma City, OK USA"]
[Date "2000.01.05"]
[White "Igy"]
[WhiteElo "2182"]
[Black "LINDEGREN"]
[BlackElo "2243"]
[TimeControl "120+0"]
[Result "1-0"]

1. e4 Nf6 2. Nc3 e6 3. Nf3 d5 4. e5 Ne4 5. Bb5+ Nc6 6. O-O 
Be7 7. d3 Nxc3 8. bxc3 Bd7 9. N@h5 Rg8 10. Bxc6 Bxc6 11. Nd4 B@g6 
12. N@f4 Bd7 13. c4 dxc4 14. dxc4 Bxh5 15. Qxh5 Bc6 16. Ndxe6 Qd7 17. P@d5 
N@g5 18. dxc6 bxc6 19. P@b7 Rb8 20. B@c8 Rxc8 21. bxc8=Q+ Qxc8 22. Nxg5 Bxg5 
23. Qxg5 B@d8 24. Qh5 N@g5 25. e6 Nxe6 26. Nxe6 Qxe6 27. B@f5 N@e2+ 28. Kh1 
P@f3 29. Bxe6 fxg2+ 30. Kxg2 N@f4+ 31. Kf3 P@e4+ 32. Kxe4 Nxe6 33. Qxe2 P@d5+ 
34. cxd5 cxd5+ 35. Kxd5 B@a8+ 36. Kc4 P@d5+ 37. Kb3 P@e4 38. P@e5 Nd4+ 39. Kb2 
P@c3+ 40. Kb1 Nxe2 41. P@d7+ Ke7 42. N@f5+ Kxd7 43. N@c5+ Kc8 44. Q@d7+ Kb8 
45. N@a6# 
{LINDEGREN checkmated} 1-0

[Event "fics rated crazyhouse match"]
[Site "fics, Oklahoma City, OK USA"]
[Date "2000.01.05"]
[White "Igy"]
[WhiteElo "2184"]
[Black "LINDEGREN"]
[BlackElo "2241"]
[TimeControl "120+0"]
[Result "1-0"]

1. e4 Nf6 2. Nc3 e6 3. Nf3 d5 4. e5 Ne4 5. Bb5+ Nc6 6. O-O 
Be7 7. d3 Nxc3 8. bxc3 Bd7 9. N@h5 Rg8 10. Bxc6 Bxc6 11. Nd4 Bd7 
12. Rb1 c5 13. Rxb7 cxd4 14. cxd4 B@b6 15. P@d6 N@f5 16. dxe7 Qxe7 17. P@d6 
Nxd6 18. exd6 Qxd6 19. B@e5 Qc6 20. N@d6+ Kf8 21. Nxg7 P@e7 22. Bh6 exd6 
23. Nf5+ Ke8 24. Nxd6+ Qxd6 25. N@f6+ Kd8 26. P@e7+ Qxe7 27. Nxg8 P@h3 28. Bf6 
Qxf6 29. Nxf6 B@c6 30. R@f8+ N@e8 31. Nxe8 Bxb7 32. Nd6+ Kc7 33. N@b5+ Bxb5 
34. Nxb5+ Kc6 35. Rxa8 R@h1+ 36. Kxh1 hxg2+ 37. Kxg2 N@h4+ 38. Kh3 P@g4+ 39. Qxg4 
Kxb5 40. R@b3+ P@b4 41. Re8 N@f4+ 42. Qxf4 N@g5+ 43. Qxg5 N@f4+ 44. Qxf4 Nf3 
45. R@a5# 
{LINDEGREN forfeits on time} 1-0

[Event "fics rated crazyhouse match"]
[Site "fics, Oklahoma City, OK USA"]
[Date "2000.01.05"]
[White "LINDEGREN"]
[WhiteElo "2232"]
[Black "Igy"]
[BlackElo "2193"]
[TimeControl "120+0"]
[Result "1-0"]

1. e4 e6 2. Nf3 Nc6 3. d4 d5 4. exd5 exd5 5. Nc3 Bg4 6. Be2 
P@f6 7. h3 Bxf3 8. Bxf3 Bb4 9. Qe2+ Nge7 10. B@b5 Bxc3+ 11. bxc3 N@e6 
12. Bxc6+ Nxc6 13. P@f5 B@c4 14. B@d3 Bxd3 15. cxd3 Nxd4 16. cxd4 B@c3+ 17. Bd2 
Bxa1 18. fxe6 N@c1 19. exf7+ Kxf7 20. Bxc1 Re8 21. P@e5 Bxd4 22. N@f4 Rxe5 
23. B@e3 P@b2 24. O-O b1=Q 25. Bxd4 Rxe2 26. Bxe2 P@d7 27. Nxd5 P@e7 28. P@h6 
gxh6 29. Bxh6 Qxf1+ 30. Bxf1 R@g6 31. R@g7+ Rxg7 32. Bxg7 P@g6 33. Bgxf6 exf6 
34. Bxf6 B@d6 35. N@h6+ Ke6 36. B@f7# 
{Igy checkmated} 1-0

[Event "fics rated crazyhouse match"]
[Site "fics, Oklahoma City, OK USA"]
[Date "2000.01.05"]
[White "DKiller"]
[WhiteElo "2226"]
[Black "LINDEGREN"]
[BlackElo "2239"]
[TimeControl "180+0"]
[Result "1-0"]

1. e4 Nf6 2. e5 Nd5 3. d4 e6 4. Nf3 d6 5. exd6 Bxd6 6. Bd3 
Nc6 7. O-O Qe7 8. c4 Ndb4 9. P@e5 Nxd3 10. Qxd3 P@g4 11. Ne1 Bxe5 
12. dxe5 Nxe5 13. Qg3 P@f3 14. Qxe5 fxg2 15. Nxg2 B@f6 16. Qg3 P@f3 17. Ne3 
P@g2 18. Re1 e5 19. N@h5 g6 20. Nxf6+ Qxf6 21. Nxg4 Bxg4 22. Qxg4 N@e2+ 
23. Rxe2 fxe2 24. P@d7+ Kf8 25. B@h6+ Kg8 26. Qxe2 R@f1+ 27. Kxg2 Rxf2+ 28. Qxf2 
P@h3+ 29. Kxh3 Qxf2 30. N@e7# 
{LINDEGREN checkmated} 1-0

[Event "fics rated crazyhouse match"]
[Site "fics, Oklahoma City, OK USA"]
[Date "2000.01.05"]
[White "DKiller"]
[WhiteElo "2242"]
[Black "LINDEGREN"]
[BlackElo "2223"]
[TimeControl "180+0"]
[Result "0-1"]

1. e4 e6 2. d4 Nc6 3. Nf3 Nf6 4. e5 Ne4 5. Bd3 d5 6. exd6 
Nxd6 7. Nc3 P@f5 8. P@e5 Rg8 9. exd6 Bxd6 10. Bb5 Bd7 11. N@g5 P@e4 
12. Bxc6 Bxc6 13. Ne5 Bxe5 14. dxe5 Qxd1+ 15. Kxd1 B@h5+ 16. Ke1 Rd8 17. Be3 
N@h4 18. Rg1 Nxg2+ 19. Rxg2 P@e2 20. Rg1 Rd1+ 21. Nxd1 exd1=Q+ 22. Rxd1 Q@e2# 
{DKiller checkmated} 0-1

[Event "fics rated crazyhouse match"]
[Site "fics, Oklahoma City, OK USA"]
[Date "2000.01.05"]
[White "LINDEGREN"]
[WhiteElo "2231"]
[Black "DKiller"]
[BlackElo "2234"]
[TimeControl "180+0"]
[Result "1-0"]

1. e4 e6 2. Nc3 Nc6 3. Nf3 Bb4 4. d4 Nf6 5. Bd3 d5 6. exd5 
exd5 7. Qe2+ P@e4 8. Bb5 Qe7 9. Bxc6+ bxc6 10. Ne5 B@h5 11. f3 exf3 
12. gxf3 Bxc3+ 13. bxc3 Bd7 14. B@e3 P@e4 15. P@g2 N@h4 16. P@g4 exf3 17. gxf3 
Nxf3+ 18. Nxf3 Bdxg4 19. P@g2 P@e4 20. N@e5 exf3 21. gxf3 Bxf3 22. Nxf3 Bxf3 
23. Qxf3 P@e4 24. Qf2 N@f3+ 25. Kd1 N@c4 26. B@b4 P@d3 27. cxd3 Nxe3+ 28. Bxe3 
exd3 29. Bxe7 P@e2+ 30. Kc1 Nxd4 31. Bxf6 gxf6 32. N@g7+ Kd8 33. P@e7+ Kc8 
34. P@b7+ Kxb7 35. N@c5+ Kb6 36. N@a4+ Kb5 37. Q@b4# 
{DKiller checkmated} 1-0

[Event "fics rated crazyhouse match"]
[Site "fics, Oklahoma City, OK USA"]
[Date "2000.01.05"]
[White "DKiller"]
[WhiteElo "2226"]
[Black "LINDEGREN"]
[BlackElo "2239"]
[TimeControl "180+0"]
[Result "0-1"]

1. e4 Nf6 2. e5 Nd5 3. d4 e6 4. Nf3 d6 5. exd6 Bxd6 6. Nc3 
Nc6 7. Bb5 Nxc3 8. bxc3 N@e4 9. Bd2 Bd7 10. Bxc6 Bxc6 11. P@d3 Nxd2 
12. Qxd2 B@h6 13. N@e3 B@f4 14. N@g4 Bxf3 15. gxf3 N@g2+ 16. Ke2 Nxe3 17. fxe3 
Bxe3 18. Nxe3 Bxe3 19. Qxe3 N@f4+ 20. Kd2 Nd5 21. Qg1 P@e3+ 22. Ke1 P@f2+ 
23. Qxf2 exf2+ 24. Kxf2 Q@e3+ 25. Kg2 Nf4+ 26. Kg3 N@h5+ 27. Kg4 f5# 
{DKiller checkmated} 0-1

[Event "fics rated crazyhouse match"]
[Site "fics, Oklahoma City, OK USA"]
[Date "2000.01.05"]
[White "LINDEGREN"]
[WhiteElo "2247"]
[Black "DKiller"]
[BlackElo "2218"]
[TimeControl "180+0"]
[Result "1-0"]

1. e4 e6 2. Nc3 Nc6 3. d4 Bb4 4. Be3 d5 5. e5 Nge7 6. Nh3 
Nf5 7. Be2 Bxc3+ 8. bxc3 N@e4 9. B@d2 h5 10. O-O h4 11. Bf3 Nxd2 
12. Qxd2 B@e4 13. Bxe4 dxe4 14. B@g4 Nxe3 15. fxe3 Nxe5 16. Qe2 P@f3 17. gxf3 
Nxg4 18. fxg4 B@f3 19. Rxf3 exf3 20. Qxf3 B@g6 21. P@d3 B@c6 22. e4 f5 
23. N@e5 Qf6 24. Nxg6 Qxg6 25. N@e5 Qf6 26. B@f7+ Kd8 27. B@g5 B8d7 28. Nxc6+ 
Bxc6 29. Bxf6+ gxf6 30. P@g7 Ke7 31. gxh8=Q Rxh8 32. N@g6+ Kd8 33. Q@e7+ Kc8 
34. R@a8+ R@b8 35. Rxb8+ Kxb8 36. Nxh8 B@c8 37. R@d8 N@b6 38. Bxe6 P@d7 39. Bd5 
fxe4 40. dxe4 N@d2 41. Qf2 Bxd5 42. R@e8 Bxe4 43. Rxc8+ Nxc8 44. Rxc8+ Kxc8 
45. Qe8+ R@d8 46. N@e7+ Kb8 47. Qxd8+ R@c8 48. Qxc8# 
{DKiller checkmated} 1-0

[Event "fics rated crazyhouse match"]
[Site "fics, Oklahoma City, OK USA"]
[Date "2000.01.05"]
[White "DKiller"]
[WhiteElo "2211"]
[Black "LINDEGREN"]
[BlackElo "2254"]
[TimeControl "180+0"]
[Result "1-0"]

1. d3 Nf6 2. Nf3 e6 3. Bg5 d5 4. e4 Be7 5. e5 Nfd7 6. Bxe7 
Qxe7 7. d4 Nc6 8. Bb5 f6 9. Bxc6 bxc6 10. B@a3 B@b4+ 11. Bxb4 Qxb4+ 
12. B@c3 Qe7 13. exf6 gxf6 14. P@e5 P@g7 15. Nbd2 B@h5 16. exf6 Nxf6 17. N@e5 
B@b5 18. a4 P@e2 19. Qb1 Bxf3 20. Ndxf3 O-O 21. axb5 cxb5 22. P@g6 N@f4 
23. gxh7+ Kxh7 24. Rg1 P@g6 25. B@g5 N4h5 26. P@g4 Qe8 27. gxh5 Nxh5 28. B@e7 
Rg8 29. Kxe2 P@f7 30. g4 P@e4 31. Nh4 f6 32. gxh5 fxe5 33. hxg6+ Qxg6 
34. Nxg6 P@f3+ 35. Kd2 Kxg6 36. N@h4# 
{LINDEGREN resigns} 1-0